AoeStats
← (° ^ °)???

Arena

508655684Analyzed
4v4 RM · 9d ago on Sep 23, 2026· 55m 4s· 8 players
Game mode
Random Map
Map size
Large (8 player)
Population
200
Speed
Normal
Resources
Standard
Victory
Conquest
Starting age
Dark Age
Ending age
Imperial Age
RankedLock teamsTeams togetherTeam positionsShared explorationLock speedFull tech treeHidden civsTurbo modeCheats
Victory
Defeat
🇨🇳 Portuguese · China
1640
+11
🇨🇳 Jurchens · China
1617
+12
🇨🇳 Poles · China
1592
+13
🇦🇷 Gurjaras · Argentina
1521
+15
1546
-14
🇺🇸 Celts · United States
1539
-13
🇫🇷 Chinese · France
1496
-12
🇫🇮 Wu · Finland
1495
-12
The Daunting Knight
3:23 Loom
9:15 Feudal Age
10:17 Double-Bit Axe
14:37 Loom
17:09 Castle Age
15:05 Horse Collar
15:21 Gold Mining
18:36 Bow Saw
23:33 Forging
23:23 Scale Mail Armor
23:39 Gambesons
23:39 Arson
23:42 Man-at-Arms
24:56 Scale Mail Armor
25:06 Forging
25:41 Long Swordsman
26:48 Chain Mail Armor
27:09 Iron Casting
28:15 Iron Casting
28:45 Fortified Wall
34:22 Pikeman
45:45 Imperial Age
44:28 Wheelbarrow
45:31 Hand Cart
46:17 Capped Ram
46:19 Halberdier
46:59 Stone Mining
48:07 Heavy Plow
51:07 Plate Mail Armor
50:50 Heavy Scorpion
53:26 Siege Engineers
54:46 Chemistry
54:06 Ballistics
(° ^ °)???
10:27 Feudal Age
11:24 Double-Bit Axe
14:02 Castle Age
12:31 Horse Collar
15:08 Bow Saw
19:32 Heavy Plow
21:04 Wheelbarrow
23:07 Hand Cart
23:19 Loom
23:20 Town Watch
24:23 Gold Mining
25:58 Gold Shaft Mining
28:26 Imperial Age
26:33 Treadmill Crane
27:50 Bloodlines
27:41 Husbandry
27:42 Scale Mail Armor
27:50 Scale Barding Armor
29:21 Chain Barding Armor
29:30 Conscription
28:34 Cavalier
30:51 Plate Barding Armor
31:46 Paladin
35:10 Scale Mail Armor
34:31 Pikeman
36:37 Fletching
37:24 Chain Mail Armor
37:42 Halberdier
39:38 Two-Man Saw
39:58 Stone Mining
40:16 Capped Ram
40:49 Arson
42:35 Light Cavalry
45:46 Hussar
CrazyBen
0:26 Loom
10:38 Feudal Age
11:49 Double-Bit Axe
14:45 Castle Age
12:41 Horse Collar
15:36 Bow Saw
15:39 Heavy Plow
21:52 Wheelbarrow
23:08 Hand Cart
28:47 Imperial Age
26:14 Fletching
26:33 Gold Mining
26:37 Stone Mining
27:32 Ballistics
27:17 Bodkin Arrow
28:03 Padded Archer Armor
28:52 Thumb Ring
28:49 Heavy Rocket Cart
30:13 Conscription
31:38 Rocketry
32:39 Chemistry
31:40 Bracer
33:24 Elite Chu Ko Nu
33:53 Capped Ram
36:39 Leather Archer Armor
36:21 Guard Tower
36:17 Arrowslits
36:22 Siege Ram
40:29 Pikeman
41:10 Squires
41:23 Halberdier
42:43 Scale Mail Armor
43:14 Ring Archer Armor
44:25 Chain Mail Armor
45:04 Forging
44:22 Elite Skirmisher
44:24 Crossbowman
45:33 Arbalester
48:25 Plate Mail Armor
48:17 Man-at-Arms
48:43 Arson
stop_whining_start_winning
10:39 Feudal Age
14:19 Castle Age
12:38 Horse Collar
13:25 Double-Bit Axe
15:15 Bow Saw
17:00 Town Watch
17:01 Loom
20:56 Heavy Plow
22:23 Wheelbarrow
22:20 Gold Mining
23:22 Stone Mining
25:01 Fletching
28:29 Imperial Age
27:11 Gold Shaft Mining
26:55 Hand Cart
26:47 Squires
27:34 Scale Mail Armor
27:45 Forging
27:26 Pikeman
28:06 Padded Archer Armor
28:56 Chain Mail Armor
29:38 Conscription
31:06 Plate Mail Armor
31:12 Iron Casting
30:18 Halberdier
33:17 Gold Shaft Mining
35:21 Masonry
36:18 Blast Furnace
36:15 Bodkin Arrow
36:52 Architecture
37:40 Onager
betterlh
10:41 Feudal Age
12:02 Double-Bit Axe
14:26 Castle Age
17:17 Bow Saw
24:24 Wheelbarrow
28:32 Imperial Age
25:47 Loom
26:42 Hand Cart
26:13 Town Watch
27:31 Scale Barding Armor
27:37 Forging
28:30 Bloodlines
28:20 Husbandry
28:31 Szlachta Privileges
28:18 Horse Collar
28:34 Gold Mining
28:35 Stone Mining
28:35 Cavalier
29:39 Conscription
30:57 Chemistry
31:20 Chain Barding Armor
31:36 Iron Casting
32:37 Iron Casting
33:24 Heavy Plow
37:06 Siege Engineers
37:02 Onager
38:25 Bombard Tower
39:11 Lechitic Legacy
38:17 Onager
38:20 Elite Obuch
39:14 Light Cavalry
41:29 Ballistics
40:50 Treadmill Crane
41:20 Masonry
41:26 Masonry
41:11 Murder Holes
41:12 Winged Hussar
41:57 Caravan
42:28 Coinage
44:35 Blast Furnace
43:35 Scale Mail Armor
48:04 Squires
47:49 Arson
48:26 Lechitic Legacy
49:27 Hoardings
52:29 Chain Mail Armor
52:07 Fletching
52:39 Capped Ram
Allen
13:03 Feudal Age
17:18 Castle Age
15:24 Double-Bit Axe
15:21 Horse Collar
22:44 Imperial Age
20:15 Double-Bit Axe
20:14 Horse Collar
20:37 Gold Mining
21:17 Bow Saw
24:30 Chemistry
26:19 Conscription
25:55 Guard Tower
26:12 Fletching
26:50 Loom
28:06 Bodkin Arrow
30:28 Keep
30:43 Bracer
31:44 Murder Holes
40:48 Wheelbarrow
41:19 Elite Organ Gun
41:51 Stone Mining
44:26 Padded Archer Armor
47:28 Leather Archer Armor
47:36 Ballistics
47:33 Masonry
47:40 Pikeman
48:22 Scale Mail Armor
49:15 Halberdier
51:16 Chain Mail Armor
51:48 Forging
52:44 Plate Mail Armor
53:20 Architecture
53:00 Siege Engineers
53:32 Man-at-Arms
53:58 Gambesons
54:38 Fortified Wall
56:14 Iron Casting
55:01 Long Swordsman
yyx
10:57 Feudal Age
14:28 Castle Age
12:41 Double-Bit Axe
12:53 Horse Collar
16:05 Town Watch
17:00 Bow Saw
21:02 Loom
24:16 Fletching
25:14 Wheelbarrow
26:25 Ballistics
26:06 Gold Mining
30:32 Imperial Age
28:56 Gold Shaft Mining
28:56 Hand Cart
29:00 Bodkin Arrow
29:33 Padded Archer Armor
29:35 Heavy Plow
29:26 Stone Mining
30:55 Murder Holes
31:16 Leather Archer Armor
32:19 Chemistry
31:26 Siege Engineers
31:25 Bracer
31:52 Heavy Cavalry Archer
33:03 Ring Archer Armor
35:18 Conscription
35:50 Bloodlines
35:41 Husbandry
36:37 Caravan
37:22 Capped Ram
37:42 Siege Ram
41:26 Coinage
43:24 Light Cavalry
44:48 Scale Mail Armor
44:58 Forging
44:54 Scale Barding Armor
45:36 Hussar
47:08 Chain Barding Armor
47:23 Iron Casting
48:19 Plate Barding Armor
48:22 Iron Casting
49:57 Two-Man Saw
49:28 Crop Rotation
49:16 Chain Mail Armor
52:20 Blast Furnace
53:19 Fortified Bastions
53:58 Hoardings
PocaChota
10:48 Feudal Age
12:15 Double-Bit Axe
14:52 Castle Age
12:47 Horse Collar
16:03 Bow Saw
18:36 Fervor
23:01 Gold Mining
25:08 Wheelbarrow
25:37 Gold Shaft Mining
25:30 Treadmill Crane
28:35 Imperial Age
27:08 Hand Cart
26:39 Loom
27:40 Bloodlines
28:05 Husbandry
28:12 Scale Barding Armor
28:49 Forging
29:46 Kshatriyas
30:17 Frontier Guards
29:47 Heavy Camel Rider
31:51 Iron Casting
32:19 Chain Barding Armor
34:04 Plate Barding Armor
37:34 Conscription
38:44 Kshatriyas
38:00 Elite Chakram Thrower
39:20 Scale Mail Armor
39:07 Arson
40:29 Stone Mining
41:26 Fletching
41:58 Ballistics
42:38 Chemistry
41:02 Light Cavalry
42:16 Bodkin Arrow
42:41 Caravan
43:14 Chain Mail Armor
43:00 Bracer
43:31 Hussar
45:21 Plate Mail Armor
45:53 Stone Shaft Mining
46:55 Onager
51:30 Hoardings
51:11 Masonry
50:58 Town Watch
54:56 Town Patrol
Connection lost

Rejoining the realm…

Still unreachable

The connection could not be restored.

Session expired

The server has moved on; the page needs a fresh start.